AoeStats
← ...

Oasis

509725565Analyzed
3v3 RM · 3d ago on Sep 27, 2026· 62m 6s· 6 players
Game mode
Random Map
Map size
Normal (6 player)
Population
200
Speed
Normal
Resources
Standard
Victory
Conquest
Starting age
Dark Age
Ending age
Imperial Age
RankedLock teamsTeams togetherTeam positionsShared explorationLock speedFull tech treeHidden civsTurbo modeCheats
Victory
Defeat
🇮🇹 Teutons · Italy
914
+13
🇦🇷 Burmese · Argentina
850
+16
🇮🇹 Lithuanians · Italy
776
+23
🇨🇿 Teutons · Czechia
931
-19
🇨🇿 Bulgarians · Czechia
816
-15
🇨🇿 Britons · Czechia
809
-14
COCO CARP
5:13 Loom
9:30 Feudal Age
15:45 Loom
18:23 Castle Age
16:32 Gold Mining
29:48 Imperial Age
27:31 Pikeman
28:13 Squires
30:01 Redemption
32:34 Chemistry
31:56 Ballistics
31:03 Man-at-Arms
31:30 Arson
32:59 Long Swordsman
41:51 Halberdier
61:57 Elite Arambai
rusalco
12:07 Feudal Age
15:08 Double-Bit Axe
20:11 Castle Age
19:25 Horse Collar
22:34 Heavy Plow
22:47 Bow Saw
24:35 Fletching
26:01 Bodkin Arrow
26:49 Ballistics
26:26 Murder Holes
30:58 Wheelbarrow
31:05 Bloodlines
30:15 Light Cavalry
34:24 Gold Mining
34:25 Stone Mining
35:12 Caravan
36:03 Forging
35:58 Scale Barding Armor
40:48 Imperial Age
39:27 Chain Barding Armor
39:44 Iron Casting
39:36 Hand Cart
43:11 Chemistry
44:19 Elite Leitis
44:48 Pikeman
45:28 Squires
47:01 Winged Hussar
48:22 Plate Barding Armor
51:38 Conscription
54:44 Halberdier
Papà di Jim
12:12 Feudal Age
13:02 Double-Bit Axe
17:27 Castle Age
16:50 Horse Collar
18:52 Bloodlines
22:52 Scale Barding Armor
24:40 Ballistics
31:24 Fletching
32:36 Chain Barding Armor
35:10 Bodkin Arrow
38:06 Forging
38:46 Heavy Plow
38:59 Bow Saw
39:10 Caravan
40:34 Iron Casting
39:59 Scale Mail Armor
40:12 Padded Archer Armor
40:29 Fortified Wall
42:58 Imperial Age
41:03 Wheelbarrow
40:14 Town Watch
40:15 Loom
41:51 Masonry
44:01 Cavalier
45:15 Conscription
45:16 Crenellations
44:58 Elite Teutonic Knight
47:11 Chemistry
51:43 Hoardings
51:38 Guilds
53:56 Arrowslits
LOLSICK
3:15 Loom
11:55 Feudal Age
14:53 Double-Bit Axe
19:38 Fletching
20:00 Horse Collar
24:21 Wheelbarrow
26:16 Castle Age
26:37 Crossbowman
27:16 Bodkin Arrow
27:22 Padded Archer Armor
30:23 Wheelbarrow
31:38 Heavy Plow
32:51 Pikeman
34:06 Bow Saw
35:02 Scale Mail Armor
35:12 Forging
40:53 Imperial Age
38:56 Gold Mining
40:19 Leather Archer Armor
40:19 Chain Mail Armor
40:40 Iron Casting
40:10 Scale Barding Armor
40:44 Hand Cart
40:59 Arbalester
42:50 Halberdier
46:55 Plate Mail Armor
47:26 Blast Furnace
46:26 Bracer
46:57 Ring Archer Armor
47:14 Warwolf
47:27 Elite Longbowman
48:58 Ballistics
49:13 Yeomen
50:21 Chain Barding Armor
51:30 Murder Holes
52:13 Plate Barding Armor
51:44 Squires
$kully
0:30 Loom
8:02 Loom
12:59 Feudal Age
13:37 Gold Mining
13:34 Horse Collar
14:45 Double-Bit Axe
18:53 Bloodlines
18:56 Stone Mining
25:30 Castle Age
23:40 Gold Mining
24:15 Forging
24:12 Scale Barding Armor
26:25 Bow Saw
26:17 Heavy Plow
28:20 Iron Casting
30:29 Caravan
32:38 Scale Mail Armor
33:02 Pikeman
33:44 Squires
33:34 Arson
42:24 Chain Mail Armor
44:50 Imperial Age
46:09 Crenellations
49:01 Blast Furnace
48:04 Fletching
...
2:56 Loom
14:15 Feudal Age
20:10 Castle Age
18:33 Horse Collar
19:54 Wheelbarrow
20:25 Forging
20:30 Gold Mining
20:33 Stone Mining
26:28 Gold Shaft Mining
29:39 Imperial Age
27:49 Padded Archer Armor
27:41 Fletching
31:44 Chemistry
37:08 Hand Cart
38:51 Scale Barding Armor
39:24 Iron Casting
38:49 Scale Mail Armor
41:02 Squires
40:23 Pikeman
41:03 Halberdier
50:57 Capped Ram
52:30 Siege Ram
Connection lost

Rejoining the realm…

Still unreachable

The connection could not be restored.

Session expired

The server has moved on; the page needs a fresh start.